 Dungeon Crawl Stone Soup version 0.31-a0-200-gbc41564c69 (webtiles) character file.

Game seed: 14233976640642233126

4742 Ijustatesigmund the Stinger (level 10, -3/68 HPs)
             Began as an Octopode Venom Mage on June 26, 2023.
             Was a Follower of Vehumet.
             Slain by a troll (9 damage)
             ... on level 10 of the Dungeon.
             The game lasted 00:17:21 (9436 turns).

Ijustatesigmund the Stinger (Octopode Venom Mage)   Turns: 9436, Time: 00:17:21

Health: -3/68      AC:  1    Str:  7    XL:     10   Next: 46%
Magic:  22/26      EV: 14    Int: 22    God:    Vehumet [*.....]
Gold:   520        SH:  0    Dex: 21    Spells: 3/19 levels left

rFire   x . .        f - +10 sling "Tilarics" {freeze, rF- Dex+8}
rCold   . . .        (no shield)
rNeg    . . .        (helmet restricted)
rPois   .            c - amulet of magic regeneration
rElec   .            p - ring of wizardry
rCorr   +            w - ring of resist corrosion
SInv    .            y - ring of magical power
Will    +....        z - ring of willpower
Stlth   ++++         (no ring)
HPRegen 0.31/turn    (no ring)
MPRegen 0.60/turn    (no ring)
                     (no ring)

%: wizardry (x1)
@: freezing walls
A: almost no armour, amphibious, 8 rings, camouflage 1, gelatinous body 1,
(nimble swimmer 1), tentacles
a: Renounce Religion


You were on level 10 of the Dungeon.
You worshipped Vehumet.
Vehumet was aware of your devotion.
You visited 2 branches of the dungeon, and saw 11 of its levels.
You also visited: Sewer.

You collected 520 gold pieces.

Inventory:

Hand Weapons
 b - a +3 short sword of holy wrath
 f - the +10 sling "Tilarics" (weapon) {freeze, rF- Dex+8}
   (You found it on level 3 of the Dungeon)

   Dex:       It affects your dexterity (+8).
   rF:        It makes you vulnerable to fire.
Jewellery
 c - an amulet of magic regeneration (around mantle)
 p - a ring of wizardry (left tentacle)
 w - a ring of resist corrosion (right tentacle)
 y - a ring of magical power (on tentacle)
 z - a ring of willpower (on tentacle)
Wands
 i - a wand of charming (8)
 v - a wand of flame (23)
 A - a wand of roots (13)
Scrolls
 d - 3 scrolls of amnesia
 j - 5 scrolls of teleportation
 m - a scroll of revelation
 q - 2 scrolls of brand weapon
 r - a scroll of fear
Potions
 a - 3 potions of magic
 e - 5 potions of curing
 g - 2 potions of lignification
 k - 3 potions of brilliance
 l - 3 potions of attraction
 n - 3 potions of might
 o - 6 potions of enlightenment
 s - 3 potions of haste
 t - a potion of berserk rage {unknown}
 u - 3 potions of mutation {unknown}
 B - a potion of invisibility {unknown}
Miscellaneous
 x - a piece from Xom's chessboard (15/15)


   Skills:
 - Level 5.7 Fighting
 - Level 5.0 Ranged Weapons
 - Level 2.0 Dodging
 - Level 2.6 Stealth
 + Level 5.2 Spellcasting
 + Level 5.0 Conjurations
 - Level 1.0 Transmutations
 - Level 7.2 Ice Magic
 + Level 5.0 Air Magic
 + Level 7.3 Poison Magic


You had 3 spell levels left.
You knew the following spells:

 Your Spells              Type           Power      Damage    Failure   Level
a - Magic Dart            Conj           100%       1d8       1%          1
b - Poisonous Vapours     Pois/Air       66%        N/A       1%          2
c - Mephitic Cloud        Conj/Pois/Air  31%        N/A       1%          3
d - Olgreb's Toxic Radia  Pois           38%        N/A       1%          4
e - Frozen Ramparts       Ice            74%        1d12      1%          3
f - Hailstorm             Conj/Ice       32%        3d8       1%          3

Your spell library contained the following spells:

 Spells                   Type           Power      Damage    Failure   Level
 Shock                    Conj/Air       100%       1d9       1%          1
 Freeze                   Ice            100%       1d10      1%          1
 Sting                    Tmut/Pois      96%        1d7       1%          1
 Searing Ray              Conj           54%        2d6       1%          2
 Momentum Strike          Conj/Tloc      32%        3d8       2%          2
 Fulminant Prism          Conj/Hex       8%         3d7       14%         4
 Summon Forest            Summ/Tloc      2%         N/A       69%         5
 Summon Mana Viper        Hex/Summ       5%         N/A       69%         5
 Summon Cactus Giant      Summ           2%         N/A       99%         6


Dungeon Overview and Level Annotations

Branches:
Dungeon (10/15)            Temple (1/1) D:6           Sewer (visited)
   Lair: D:8-11         Orc: D:9-12

Altars:
Ashenzari
Cheibriados
Dithmenos
Elyvilon
Fedhas
Gozag
Hepliaklqana
Kikubaaqudgha
Makhleb
Nemelex Xobeh
Okawaru
Qazlal
Ru
Sif Muna
Trog
Uskayaw
Vehumet
Wu Jian
Xom
Yredelemnul
Zin
The Shining One


Innate Abilities, Weirdness & Mutations

You cannot wear most types of armour.
You are amphibious.
You can wear up to eight rings at the same time.
Your skin changes colour to match your surroundings (Stealth+).
Your rubbery body absorbs attacks. (AC +1, EV +1)
((You are camouflaged when in or above water. (Stealth+)))
You have tentacles for arms and can constrict up to eight enemies at once.


Message History

There is a shaft here.
You open the door.
There is an open door here.
A troll comes into view.
You shoot a sling bullet. The sling bullet hits the troll!
The sling bullet freezes the troll.
The troll shouts!
The troll is lightly wounded.
You shoot a sling bullet.
The sling bullet barely misses the troll.
Casting: Olgreb's Toxic Radiance (dangerous; 1% risk of failure)
Confirm with . or Enter, or press ? or * to list all spells.
Casting: Frozen Ramparts (safe; 1% risk of failure)
Press: ? - help, Dir - look around, f - activate The walls around you are covered in ice.
The wall freezes the troll.
The troll bites you! The troll barely misses you. The troll closely misses you.
Casting: Frozen Ramparts (safe; 1% risk of failure)
Confirm with . or Enter, or press ? or * to list all spells.
You begin to radiate toxic energy.
The troll is poisoned.
The wall freezes the troll but does no damage.
The troll closely misses you. The troll claws you! x2
The troll looks even sicker.
Your toxic aura wanes.
The wall freezes the troll.
The troll completely misses you. The troll claws you! x2
* * * LOW HITPOINT WARNING * * *
Unknown command.
You feel much better.
The wall freezes the troll.
The troll bites you!! The troll misses you.
The troll claws you but does no damage.
Fire: f) +10 sling "Tilarics" {freeze, rF- Dex+8}
Press: ? - help, Q - select action, (/) - cycle Shift-Dir - straight line, f - troll
Aim: a troll (heavily wounded, very poisoned, 73% to hit)
You shoot a sling bullet. The sling bullet hits the troll!
The sling bullet freezes the troll.
The troll is almost dead.
The wall freezes the troll.
The troll bites you!
* * * LOW HITPOINT WARNING * * *
The troll closely misses you. The troll claws you!
You die...

.....##.._..## .....
...[##.^.....##....
...##....^.^..##..#
...#.^^#####...#..#
...##.'#.#.#'^##..######
....###..#..###.........
........###.............
.....##.....####.#######
.....######## #@# ......
.......T# .......
......... .....(..
..........
.###############..## .
#..# #..# #..#


You could see a troll (very poisoned).

Vanquished Creatures
  Psyche (D:8)
  A troll (D:10)
  7 yaks
  2 steam dragons (D:8)
  A water moccasin (D:8)
  3 orc warriors
  An ice beast (D:7)
  2 sky beasts (D:7)
  A centaur (D:8)
  2 kobold brigands
  4 bullfrogs
  4 scorpions
  3 wights (D:8)
  A killer bee (D:10)
  10 howler monkeys
  3 hounds
  6 orc priests
  A jelly (D:5)
  2 sleepcaps (D:5)
  8 iguanas
  8 orc wizards
  9 adders
  6 river rats
  A shadow imp (D:5)
  A white imp (D:7)
  An ufetubus (D:5)
  3 worms
  4 dart slugs
  19 orcs
  8 bats
  An endoplasm (D:1)
  10 giant cockroaches
  8 goblins
  13 hobgoblins
  2 jackals (Sewer)
  11 kobolds
  5 quokkas
  6 ball pythons
  A frilled lizard (D:1)
  5 rats
  A spectral kobold (D:1)
  2 butterflies (D:8)
188 creatures vanquished.

Notes
Turn   | Place    | Note
-------+----------+-------------------------------------------
     0 | D:1      | Ijustatesigmund the Octopode Venom Mage began the quest for
                  | the Orb.
     0 | D:1      | Reached XP level 1. HP: 11/11 MP: 3/3
    55 | D:1      | Found a faded altar of an unknown god.
   275 | D:1      | Reached XP level 2. HP: 18/18 MP: 3/5
   278 | D:1      | Learned a level 2 spell: Poisonous Vapours
   470 | D:1      | Reached skill level 1 in Fighting
   766 | D:1      | Reached XP level 3. HP: 19/23 MP: 6/6
   836 | D:1      | Learned a level 3 spell: Mephitic Cloud
  1248 | D:2      | Found a broken altar of Ashenzari.
  1823 | D:2      | Reached skill level 1 in Conjurations
  1823 | D:2      | Reached XP level 4. HP: 24/28 MP: 6/8
  2169 | D:3      | Learned a level 1 spell: Magic Dart
  2175 | D:3      | Identified the +10 sling "Tilarics" {freeze, rF- Dex+8}
  2192 | D:3      | Reached skill level 1 in Air Magic
  2216 | D:3      | Noticed a scorpion
  2246 | D:3      | Killed a scorpion
  2247 | D:3      | Reached XP level 5. HP: 27/33 MP: 7/9
  2367 | D:3      | Found a glowing drain.
  2373 | Sewer    | Entered a sewer
  2535 | Sewer    | Noticed a kobold brigand
  2547 | Sewer    | Killed a kobold brigand
  2548 | Sewer    | Reached skill level 5 in Poison Magic
  2548 | Sewer    | Reached XP level 6. HP: 18/38 MP: 9/11
  2652 | Sewer    | Found a white marble altar of Elyvilon.
  2795 | D:3      | Learned a level 4 spell: Olgreb's Toxic Radiance
  3422 | D:4      | Reached XP level 7. HP: 43/43 MP: 12/12
  4022 | D:5      | Entered Level 5 of the Dungeon
  4028 | D:5      | Reached skill level 1 in Ranged Weapons
  4347 | D:5      | Found a glowing golden altar of the Shining One.
  4366 | D:5      | Reached XP level 8. HP: 48/48 MP: 8/14
  4691 | D:5      | Learned a level 3 spell: Frozen Ramparts
  4868 | D:5      | Found an ancient bone altar of Kikubaaqudgha.
  4972 | D:5      | Reached skill level 1 in Ice Magic
  5817 | D:6      | Found a staircase to the Ecumenical Temple.
  5826 | Temple   | Entered the Ecumenical Temple
  6380 | D:6      | Found a snail-covered altar of Cheibriados.
  6668 | D:7      | Reached skill level 5 in Ranged Weapons
  6668 | D:7      | Reached XP level 9. HP: 15/53 MP: 13/15
  7087 | D:7      | Found a glowing silver altar of Zin.
  7190 | D:7      | Found a shimmering blue altar of Sif Muna.
  7197 | D:7      | Got Sif Muna's Dissertation on Violence and Angles
  7202 | D:7      | Found a bloodstained altar of Trog.
  7483 | D:7      | Reached skill level 5 in Ice Magic
  7685 | D:8      | Found a shimmering altar of Xom.
  7869 | D:8      | Found a radiant altar of Vehumet.
  7916 | D:8      | Reached skill level 5 in Fighting
  8047 | D:8      | Became a worshipper of Vehumet
  8126 | D:8      | Reached XP level 10. HP: 46/68 MP: 12/16
  8466 | D:8      | Noticed Psyche
  8478 | D:8      | Killed Psyche
  8490 | D:8      | Learned a level 3 spell: Hailstorm
  9002 | D:9      | Reached skill level 5 in Spellcasting
  9009 | D:9      | Reached * piety under Vehumet
  9009 | D:9      | Offered knowledge of Shock by Vehumet.
  9015 | D:10     | Entered Level 10 of the Dungeon
  9395 | D:10     | Reached skill level 5 in Conjurations
  9395 | D:10     | Reached skill level 5 in Air Magic
  9410 | D:10     | Found a sparkling altar of Nemelex Xobeh.
  9436 | D:10     | Slain by a troll

Illustrated notes

Levels and vault maps discovered:
D:1:      wheals_arrival_linesprint, layout_loops_corners,
          dreamdust_ecumenical_altar_drowned_temple, minmay_tetromino_t4
D:2:      layout_loops_cross, basic_altar, amcnicky_mini_rare_corridor_liquid,
          chequers_jeans
D:3:      layout_rooms, gup_sewer_entry_bubbles
D:4:      layout_loops_ring, minmay_circle_x, uniq_robin
D:5:      layout_loops_ring, nicolae_tso_carved_into_rock,
          mainiacjoe_overflow_alcove_2, kennysheep_cross_room
D:6:      layout_loops_corners, slow_altar_1, minmay_temple_entry_antechambers
D:7:      layout_basic, nzn_overflow_gifts_of_might_and_magic,
          mainiacjoe_overflow_alcove_1
D:8:      layout_loops_ring, mainiacjoe_overflow_tiny_flanked, xom_butterflies,
          uniq_psyche
D:9:      lemuel_ice_statue, layout_basic
D:10:     layout_long_grid, nemelex_spade_bored_becter
Temple:   oiseaux_autumnal_temple

Skill      XL: |  1  2  3  4  5  6  7  8  9 10 |
---------------+-------------------------------+-----
Fighting       | 1 5 |  5.7
Poison Magic   | 4 5 6 7 |  7.3
Conjurations   | 1 2 3 5 |  5.0
Air Magic      | 1 2 3 5 |  5.0
Spellcasting   | 3 4 5 |  5.2
Ranged Weapons | 1 5 |  5.0
Ice Magic      | 4 7 |  7.2
Dodging        | |  2.0
Stealth        | |  2.6
Transmutations | |  1.0

Action                     |  1- 3 |  4- 6 |  7- 9 | 10-12 || total
---------------------------+-------+-------+-------+-------++-------
  Melee: Unarmed           |    22 |       |       |       ||    22
         Constrict         |    17 |    12 |       |       ||    29
         Tentacles         |    10 |    14 |       |       ||    24
         Punch             |     2 |     1 |       |       ||     3
         Short sword       |    52 |    67 |       |       ||   119
   Fire: Sling             |       |    26 |   159 |    61 ||   246
   Cast: Sting             |    13 |     3 |       |       ||    16
         Poisonous Vapours |    18 |    18 |     2 |       ||    38
         Mephitic Cloud    |       |     2 |     4 |     2 ||     8
         Magic Dart        |       |     6 |     2 |       ||     8
         Olgreb's Toxic Ra |       |     2 |    18 |     8 ||    28
         Frozen Ramparts   |       |       |     6 |     4 ||    10
    Use: Scroll            |       |    13 |     3 |       ||    16
         Potion            |       |     1 |     2 |     1 ||     4
   Stab: Sleeping          |     1 |     5 |       |       ||     6
 Armour: Skin              |     5 |     5 |     2 |     1 ||    13
  Dodge: Dodged            |    49 |    36 |    38 |    10 ||   133

Table legend: (Time is in decaauts)
 A = Elapsed time spent in this place.
 B = Non-inter-level travel time spent in this place.
 C = Inter-level travel time spent in this place.
 D = Time resting spent in this place.
 E = Time spent auto-exploring this place.
 F = Levels seen in this place.
 G = Mean time per level.
                   A        B        C        D        E       F      G
               +--------+--------+--------+--------+--------+-----+--------+
         Total |   9488 |   9038 |    450 |   2379 |   5507 |  12 |  790.7 |
       Dungeon |   8921 |   8495 |    426 |   2255 |   5177 |  10 |  892.1 |
        Temple |    221 |    197 |     24 |      0 |    184 |   1 |  221.0 |
         Sewer |    344 |    344 |      0 |    124 |    146 |   1 |  344.0 |
               +--------+--------+--------+--------+--------+-----+--------+

Top non-repeatable levels by time:
     D:5: 1242 daAuts
     D:8: 1222 daAuts
     D:1: 1196 daAuts
     D:7: 1156 daAuts
     D:6: 1055 daAuts
     D:2: 956 daAuts
     D:4: 865 daAuts
     D:3: 673 daAuts
    D:10: 422 daAuts
   Sewer: 344 daAuts
  Temple: 221 daAuts
     D:9: 129 daAuts
